Map: Ruins of Seras

Players

LiveZerg - Winner!

  • Race: Zerg Zerg
  • League: Master

nExt

  • Race: Zerg Zerg
  • League: Master

Event: NationWars III

VOD

Have the link to the VOD?

Description

Time

  • Played on: Nov. 21, 2015, 12:29 p.m.
  • Length: 6:52

All games in this series

Show
View Real Time Build Order
Export as new Build Order

LiveZerg Zerg - Winner!

Build Orders: Pool First 

Get SALT Encoding   

  12  0:00  Drone  
  13  0:12  Overlord  
  13  0:18  Drone  
  14  0:31  Drone x2  
  16  0:42  Spawning Pool  
  15  0:45  Drone  
  15  0:49  Drone  
  17  1:11  Hatchery  
  16  1:14  Drone  
  16  1:17  Drone  
  18  1:19  Extractor  
  17  1:29  Queen  
  20  1:32  Zergling x2  
  20  1:38  Drone  
  21  1:42  Overlord  
  21  1:50  Drone  
  22  2:00  Drone  
  23  2:05  Queen  
  25  2:13  Drone  
  26  2:21  Metabolic Boost  
  26  2:23  Overlord  
  26  2:24  Drone  
  27  2:34  Drone x2  
  28  2:40  Drone x3  
  31  2:46  Baneling Nest  
  32  2:54  Zergling x2  
  32  2:55  Zergling x2  
  32  3:03  Drone x2  
  34  3:07  Overlord  
  34  3:09  Zergling x2  
  34  3:11  Queen  
  34  3:12  Drone  
  38  3:14  Drone  
  38  3:19  Drone x3  
  42  3:22  Drone  
  42  3:26  Drone  
  44  3:31  Baneling x5  
  44  3:35  Spine Crawler  
  44  3:37  Zergling x2  
  44  3:38  Zergling x2  
  44  3:46  Zergling x8  
  47  3:56  Zergling x8  
  50  4:03  Baneling  
  50  4:07  Overlord  
  50  4:08  Roach Warren, Extractor  
  50  4:09  Baneling  
  48  4:16  Drone x5  
  48  4:22  Drone  
  48  4:23  Drone  
  50  4:27  Drone x2  
  52  4:38  Overlord  
  52  4:49  Roach x4  
  59  5:01  Roach x4  
  59  5:06  Overlord  
  66  5:07  Overlord  
  66  5:09  Overlord  
  66  5:29  Hatchery  
  66  5:31  Roach x2  
  66  5:32  Roach x3  
  75  5:44  Zergling x4  
  75  5:45  Zergling x8  
  81  5:50  Baneling  
  81  5:51  Baneling x8  
  81  5:54  Zergling x2  
  82  6:04  Zergling x8  
  82  6:05  Zergling x2  
  82  6:08  Baneling x3  
  80  6:31  Zergling x2  
Show
View Real Time Build Order
Export as new Build Order

nExt Zerg 

Build Orders: Pool First 

Get SALT Encoding   

  12  0:01  Drone  
  13  0:11  Drone  
  14  0:17  Overlord  
  14  0:25  Drone, Extractor  
  15  0:36  Drone x2  
  17  0:46  Extractor  
  17  0:48  Spawning Pool  
  15  0:53  Drone  
  16  0:57  Drone  
  17  1:06  Drone  
  18  1:23  Hatchery  
  17  1:28  Drone  
  18  1:38  Queen  
  20  1:42  Zergling x2  
  21  1:49  Metabolic Boost  
  21  1:56  Overlord  
  21  2:01  Drone  
  22  2:14  Baneling Nest  
  21  2:18  Queen  
  21  2:22  Drone  
  24  2:35  Drone x2  
  26  2:39  Drone x2  
  28  2:46  Overlord  
  28  2:53  Drone x2  
  28  2:57  Zergling x4  
  32  3:00  Zergling x2  
  32  3:04  Zergling x2  
  34  3:08  Zergling x2  
  35  3:13  Zergling x2  
  35  3:18  Zergling x2  
  37  3:30  Hatchery, Zergling x4  
  38  3:36  Zergling x2  
  38  3:37  Baneling x2  
  39  3:42  Drone  
  39  3:43  Drone x2  
  41  3:50  Overlord  
  41  3:52  Baneling x2  
  41  3:54  Drone  
  39  3:56  Drone  
  37  4:04  Drone, Zergling x6  
  37  4:09  Drone  
  43  4:10  Drone  
  43  4:12  Baneling  
  42  4:17  Baneling  
  42  4:18  Zergling x6  
  42  4:20  Baneling  
  42  4:22  Drone  
  46  4:25  Drone  
  46  4:30  Drone  
  48  4:34  Evolution Chamber  
  48  4:36  Zergling x2  
  48  4:48  Drone  
  48  4:49  Drone x3  
  50  5:05  Zergling x12  
  50  5:06  Zergling x2  
  51  5:10  Extractor  
  51  5:11  Roach Warren  
  51  5:13  Overlord  
  48  5:15  Drone x3  
  48  5:17  Overlord  
  48  5:18  Overlord  
  51  5:32  Drone x2  
  51  5:34  Hatchery, Drone  
  53  5:36  Drone  
  53  5:37  Drone x2  
  53  5:39  Extractor  
  53  5:41  Lair  
  55  5:43  Drone  
  55  5:46  Drone x2  
  58  5:53  Roach x3  
  58  5:55  Overlord  
  58  5:56  Roach  
  58  5:57  Roach  
  69  6:01  Roach  
  71  6:08  Roach x2  
  75  6:11  Baneling x2  
  75  6:12  Baneling  
  75  6:19  Extractor  
  67  6:29  Roach x4, Zergling x6  
Tags
 
Add a new tag
Caveats
  • Supply blocks, unpowered buildings, or Contaminate may cause inaccurate times.
  • Supply counts are checked every 10 seconds.